 Dungeon Crawl Stone Soup version 0.17-a0-802-g1f09329 (console) character file.

28 dunyain the Chopper (level 3, 25/27 HPs)
             Began as a Demonspawn Gladiator on Apr 26, 2015.
             Quit the game on level 1 of the Dungeon.
             The game lasted 00:01:00 (1073 turns).

dunyain the Chopper (Demonspawn Gladiator)          Turns: 1073, Time: 00:01:00

Health: 25/27      AC:  3    Str: 15    XL:     3   Next: 0%
Magic:  3/3        EV: 14    Int:  9    God:
Gold:   47         SH:  0    Dex: 14    Spells: 0 memorised, 2 levels left

rFire  . . .     SeeInvis .     a - +0 war axe
rCold  . . .     Clarity  .     b - +0 leather armour
rNeg   . . .     SustAb   .     (no shield)
rPois  .         Gourm    .     (helmet restricted)
rElec  .         Spirit   .     (no cloak)
rCorr  .         Warding  .     (no gloves)
rMut   .         Stasis   .     (no boots)
MR     .....                    (no amulet)
Stlth  +.........               (no ring)
                                (no ring)

@: not resistant to hostile enchantments, very unstealthy
A: antennae 1, repulsion field 1
a: no special abilities


You were on level 1 of the Dungeon.
You were hungry.

You visited 1 branch of the dungeon, and saw 1 of its levels.

You collected 47 gold pieces.

Inventory:

Hand weapons
 a - a +0 war axe (weapon)
Missiles
 d - 3 throwing nets (quivered)
Armour
 b - a +0 leather armour (worn)
 c - a +0 helmet
Jewellery
 j - an uncursed ring of protection from cold {unknown}
Scrolls
 f - a scroll of random uselessness {unknown}
 g - a scroll of teleportation {unknown}
 h - a scroll of fear {unknown}
Potions
 k - a potion of restore abilities {unknown}
Comestibles
 e - 3 bread rations
 l - a beef jerky


   Skills:
 - Level 2.0 Fighting
 + Level 3.8 Axes
 - Level 1.7 Throwing
 - Level 2.6 Dodging


You had 2 spell levels left.
You didn't know any spells.

Dungeon Overview and Level Annotations

Branches:
Dungeon (1/15)

Altars:


Innate Abilities, Weirdness & Mutations

You have a pair of small antennae on your head.
You are surrounded by a mild repulsion field (EV +2).


Message History

You are feeling hungry.
A hobgoblin comes into view. It is wielding a club.
A hobgoblin is nearby!
The hobgoblin shouts!
You barely miss the hobgoblin. The hobgoblin hits you with a club.
You closely miss the hobgoblin. The hobgoblin misses you.
You hit the hobgoblin.
The hobgoblin is severely wounded.
The hobgoblin barely misses you.
You hit the hobgoblin.
You kill the hobgoblin!
You have reached level 3!
Your experience leads to an increase in your attributes!
Increase (S)trength, (I)ntelligence, or (D)exterity?
You feel agile.
Your demonic ancestry asserts itself...
A pair of antennae grows on your head!
Your +0 helmet falls away!
Are you sure you want to abandon this character and quit the game? (Confirm with "yes".)
Okay, then.
Are you sure you want to abandon this character and quit the game? (Confirm with "yes".)

#.# #.##.#....#.###.#.####.#
###.####.##.#...............#.#
.......................#.##.#.#
.##.####.##.#............#..#.#
...........>..##........###.#.##
##..##.#.##.####.#.####........#
#..##.#.##.####.#.#######.#####
##..##.#.##......#...........#
.......#.......)@....#####.#.#
####################.# #.#.#
.............#.....#.#####.#.#
≈≈≈≈≈≈≈≈≈....#.###.#.#...#.#.#
......(.§....#.# #.#.#.#.#.#.#
######..≈....#.# #.#.#.#.#.#.#
....##..§....#.# #.#.#.#.#.#.#
....##..≈....#.# #.#.#.#.#.#.#
....##.§≈....#.# #.........#.#


There were no monsters in sight!

Vanquished Creatures
  2 oozes (D:1)
  3 giant geckos (D:1)
  A hobgoblin (D:1)
  2 kobolds (D:1)
  2 bats (D:1)
  2 giant cockroaches (D:1)
  A giant newt (D:1)
  2 goblins (D:1)
  6 rats (D:1)
21 creatures vanquished.

Notes
Turn   | Place    | Note
--------------------------------------------------------------
     0 | D:1      | dunyain, the Demonspawn Gladiator, began the quest for the Orb.
     0 | D:1      | Reached XP level 1. HP: 16/16 MP: 1/1
    44 | D:1      | Reached skill level 3 in Axes
    58 | D:1      | Gained mutation: You are surrounded by a mild repulsion field (EV +2). [demonic ancestry]
    58 | D:1      | Reached XP level 2. HP: 13/22 MP: 2/2
  1072 | D:1      | Gained mutation: You have a pair of small antennae on your head. [demonic ancestry]
  1072 | D:1      | Reached XP level 3. HP: 25/27 MP: 3/3
  1073 | D:1      | Quit the game

Action                   || total
-------------------------++-------
Melee: War axe           ||    68
